 Dungeon Crawl Stone Soup version 0.28.0-53-g5a82cb258f (webtiles) character file.

Game seed: 17467534277441942708

79 unlimited1921 the Chopper (level 4, -2/41 HPs)
             Began as a Gnoll Cinder Acolyte on June 21, 2022.
             Was a High Priest of Ignis.
             Succumbed to a kobold brigand's curare-tipped dart
             ... on level 3 of the Dungeon on June 22, 2022.
             The game lasted 00:07:49 (2757 turns).

unlimited1921 the Chopper (Gnoll Cinder Acolyte)    Turns: 2757, Time: 00:07:50

Health: -2/41      AC:  9    Str: 14    XL:     4   Next: 37%
Magic:  8/8        EV:  6    Int: 15    God:    Ignis [*****.]
Gold:   134        SH:  0    Dex:  7    Spells: 9/9 levels left

rFire   + . .      SeeInvis .   a - -1 hand axe (flame)
rCold   + . .      Faith    .   (no shield)
rNeg    . . .      Spirit   .   k - +0 chain mail
rPois   .          Reflect  .   (no helmet)
rElec   .          Harm     .   (no cloak)
rCorr   .          Rampage  .   (no gloves)
Will    .....                   g - +0 pair of boots
Stlth   ..........              (no amulet)
HPRegen 0.13/turn               i - ring of protection from cold
MPRegen 0.11/turn               (no ring)

@: lethally poisoned (-2 -> -21), slowed, very slow
A: fangs 1, strong nose, distributed training
a: Renounce Religion, Fiery Armour, Foxfire Swarm, Rising Flame


You were on level 3 of the Dungeon.
You worshipped Ignis.
Ignis was extremely pleased with you.
You visited 1 branch of the dungeon, and saw 3 of its levels.

You collected 134 gold pieces.

Inventory:

Hand Weapons
 a - a -1 hand axe of flaming (weapon)
 c - a +2 dagger of speed
 h - a +0 long sword
 j - a +1 whip of electrocution
Missiles
 f - 108 stones (quivered)
Armour
 b - a +0 robe
 g - a +0 pair of boots (worn)
 k - a +0 chain mail (worn)
 p - a +0 scale mail
Jewellery
 i - a ring of protection from cold (left hand)
Scrolls
 e - 2 scrolls of fog {unknown}
 l - a scroll of amnesia {unknown}
 n - a scroll of fear {unknown}
 o - 3 scrolls of identify {unknown}
 q - a scroll of noise {unknown}
Potions
 m - a potion of lignification {unknown}
 r - 2 potions of heal wounds {unknown}


   Skills:
 + Level 6.6 Fighting
 + Level 1.1 Short Blades
 + Level 1.1 Long Blades
 + Level 6.6 Axes
 + Level 1.1 Maces & Flails
 + Level 1.1 Polearms
 + Level 1.1 Staves
 + Level 1.1 Slings
 + Level 1.1 Bows
 + Level 1.1 Crossbows
 + Level 1.1 Throwing
 + Level 1.1 Armour
 + Level 1.1 Dodging
 + Level 1.1 Stealth
 + Level 1.1 Shields
 + Level 1.1 Unarmed Combat
 + Level 3.0 Spellcasting
 + Level 0.8 Conjurations
 + Level 0.8 Hexes
 + Level 0.8 Summonings
 + Level 0.8 Necromancy
 + Level 0.8 Translocations
 + Level 0.8 Transmutations
 + Level 5.4 Fire Magic
 + Level 0.8 Ice Magic
 + Level 0.8 Air Magic
 + Level 0.8 Earth Magic
 + Level 0.8 Poison Magic
 + Level 1.2 Invocations
 + Level 1.1 Evocations


You had 9 spell levels left.
You didn't know any spells.
Your spell library contained the following spells:

 Spells                   Type           Power      Damage    Failure   Level
 Scorch                   Fire           36%        2d6       67%         2


Dungeon Overview and Level Annotations

Branches:
Dungeon (3/15)

Altars:


Innate Abilities, Weirdness & Mutations

You have very sharp teeth.
Your uncanny sense of smell can sniff out nearby items.
Your experience applies equally to all skills.


Message History

The kobold brigand is lightly wounded.
The kobold brigand hits you with a +0 dagger.
The gnoll barely misses you.
You barely miss the kobold brigand.
The kobold brigand is lightly wounded.
The kobold brigand hits you with a +0 dagger.
The gnoll barely misses you.
You are too injured to fight recklessly!
You are too injured to fight recklessly!
Unknown command.
You are too injured to fight recklessly!
You are too injured to fight recklessly!
Welcome back, unlimited1921 the Gnoll Cinder Acolyte.
The flames of Ignis gently warm you.
Press ? for a list of commands and other information.
You are too injured to fight recklessly!
You see here a +0 club.
The kobold brigand throws a curare-tipped dart.
The curare-tipped dart hits you.
You are poisoned.
You have difficulty breathing.
You feel yourself slow down.
You don't know any spells.
Unknown command.
Unknown command.
It was a potion of curing.
You feel better.
The kobold brigand throws a curare-tipped dart.
The curare-tipped dart hits you.
You are poisoned.
You have difficulty breathing.
You feel as though you will be slow longer.
The gnoll hits you but does no damage.
The kobold brigand throws a curare-tipped dart.
The curare-tipped dart hits you.
You are lethally poisoned!
You have difficulty breathing.
You feel as though you will be slow longer.
* * * LOW HITPOINT WARNING * * *
You feel extremely sick. The gnoll hits you but does no damage.
You die...

##################### ∆∆
...#......)#......... ∆∆
...#......)'......... ∆∆
...#########......... ##+
....#..........##### ....
....'..........# .(...
....#..........########......
...#########)...@..g......#
...# ......†.......K..(...#
...# ......#..............#
''#########################
...≈≈≈≈≈≈≈≈≈≈≈≈≈≈≈≈≈≈
....≈≈≈≈≈≈≈≈≈≈≈≈≈≈≈≈≈
...≈≈≈≈≈≈≈≈≈≈≈≈≈≈≈≈≈≈
.....≈≈.≈.≈≈≈≈≈.≈.≈≈.
.....)÷.)............


You could see a kobold brigand and a gnoll.

Vanquished Creatures
  2 gnolls (D:3)
  An adder (D:2)
  A worm (D:2)
  2 dart slugs
  3 orcs
  A bat (D:3)
  4 endoplasms
  A giant cockroach (D:2)
  3 goblins
  2 hobgoblins (D:3)
  3 quokkas (D:2)
  3 ball pythons
  A frilled lizard (D:2)
  11 kobolds
  3 rats (D:3)
41 creatures vanquished.

Notes
Turn   | Place    | Note
-------+----------+-------------------------------------------
     0 | D:1      | unlimited1921 the Gnoll Cinder Acolyte began the quest for
                  | the Orb.
     0 | D:1      | Reached XP level 1. HP: 23/23 MP: 4/4
   166 | D:1      | You fall into a shaft and drop 1 floor!
   336 | D:2      | Reached XP level 2. HP: 29/29 MP: 5/5
  1160 | D:2      | Reached XP level 3. HP: 35/35 MP: 7/7
  2089 | D:3      | Reached skill level 1 in Invocations
  2257 | D:3      | Reached skill level 1 in Short Blades
  2257 | D:3      | Reached skill level 1 in Long Blades
  2257 | D:3      | Reached skill level 1 in Maces & Flails
  2257 | D:3      | Reached skill level 1 in Polearms
  2257 | D:3      | Reached skill level 1 in Staves
  2257 | D:3      | Reached skill level 1 in Slings
  2257 | D:3      | Reached skill level 1 in Bows
  2257 | D:3      | Reached skill level 1 in Crossbows
  2257 | D:3      | Reached skill level 1 in Throwing
  2257 | D:3      | Reached skill level 1 in Armour
  2257 | D:3      | Reached skill level 1 in Dodging
  2257 | D:3      | Reached skill level 1 in Stealth
  2257 | D:3      | Reached skill level 1 in Shields
  2257 | D:3      | Reached skill level 1 in Unarmed Combat
  2257 | D:3      | Reached skill level 1 in Evocations
  2445 | D:3      | Reached XP level 4. HP: 40/41 MP: 8/8
  2743 | D:3      | Noticed a kobold brigand
  2757 | D:3      | Succumbed to a kobold brigand's curare-tipped dart

Illustrated notes

Levels and vault maps discovered:
D:1:      minmay_arrival_wavy_path, layout_basic,
          shapermc_ecumenical_altar_flowoftime, st_stairs_12
D:2:      layout_basic
D:3:      minmay_goblin_kobold_castle, layout_basic, minivault_11

Skill      XL: |  1  2  3  4 |
---------------+-------------+-----
Invocations    | 1 |  1.2
Short Blades   | 1 |  1.1
Long Blades    | 1 |  1.1
Maces & Flails | 1 |  1.1
Polearms       | 1 |  1.1
Staves         | 1 |  1.1
Slings         | 1 |  1.1
Bows           | 1 |  1.1
Crossbows      | 1 |  1.1
Throwing       | 1 |  1.1
Armour         | 1 |  1.1
Dodging        | 1 |  1.1
Stealth        | 1 |  1.1
Shields        | 1 |  1.1
Unarmed Combat | 1 |  1.1
Evocations     | 1 |  1.1
Spellcasting   | 3 |  3.0
Fighting       | |  6.6
Axes           | |  6.6
Conjurations   | |  0.8
Hexes          | |  0.8
Summonings     | |  0.8
Necromancy     | |  0.8
Translocations | |  0.8
Transmutations | |  0.8
Fire Magic     | |  5.4
Ice Magic      | |  0.8
Air Magic      | |  0.8
Earth Magic    | |  0.8
Poison Magic   | |  0.8

Action                   |  1- 3 |  4- 6 || total
-------------------------+-------+-------++-------
Melee: Hand axe          |    93 |    27 ||   120
       Bite              |     8 |     4 ||    12
       Punch             |     2 |       ||     2
  Use: Potion            |       |     1 ||     1
Armor: Robe              |    10 |       ||    10
       Chain mail        |    24 |    22 ||    46
Dodge: Dodged            |    41 |     4 ||    45
